 Dungeon Crawl Stone Soup version 0.32-a0-411-g744942f433 (webtiles) character file.

Game seed: 7843891623139600613

245 Aldia the Cudgeller (level 6, -2/50 HPs)
             Began as a Gnoll Reaver on Feb 20, 2024.
             Was an Initiate of Okawaru.
             Slain by a gnoll
             ... wielding a +0 halberd
             ... led by a gnoll bouda
              (4 damage)
             ... on level 4 of the Dungeon.
             The game lasted 00:06:17 (2428 turns).

Aldia the Cudgeller (Gnoll Reaver)                  Turns: 2428, Time: 00:06:18

Health: -2/50      AC:  4    Str: 12    XL:     6   Next: 10%
Magic:  14/14      EV: 13    Int: 14    God:    Okawaru [......]
Gold:   129        SH:  0    Dex: 16    Spells: 6/15 levels left

rFire   . . .        s - +1 dagger (venom)
rCold   . . .        (no shield)
rNeg    . . .        b - +0 leather armour
rPois   .            (no helmet)
rElec   .            t - +0 cloak
rCorr   .            (no gloves)
SInv    .            (no boots)
Will    .....        f - amulet of regeneration
Stlth   ++           e - +6 ring of dexterity
HPRegen 1.08/turn    (no ring)
MPRegen 0.14/turn

%: no passive effects
@: about to teleport
A: fangs 1, strong nose, distributed training
a: Renounce Religion


You were on level 4 of the Dungeon.
You worshipped Okawaru.
Okawaru was noncommittal.
You visited 1 branch of the dungeon, and saw 4 of its levels.

You collected 129 gold pieces.

Inventory:

Hand Weapons
 a - a +1 mace
 s - a +1 dagger of venom (weapon)
Armour
 b - a +0 leather armour (worn)
 t - a +0 cloak (worn)
Jewellery
 e - a +6 ring of dexterity (left hand)
 f - an amulet of regeneration (around neck)
Scrolls
 c - a scroll of immolation {unknown}
 g - a scroll of enchant weapon
 h - 2 scrolls of teleportation
 j - a scroll of revelation
 l - a scroll of silence {unknown}
 m - a scroll of enchant armour {unknown}
 n - a scroll of blinking {unknown}
Potions
 d - 2 potions of enlightenment
 i - a potion of magic {unknown}
 p - a potion of heal wounds {unknown}
 q - a potion of might {unknown}
 r - a potion of cancellation {unknown}


   Skills:
 + Level 4.9 Fighting
 + Level 1.9 Short Blades
 + Level 1.9 Long Blades
 + Level 1.9 Axes
 + Level 6.8 Maces & Flails
 + Level 1.9 Polearms
 + Level 1.9 Staves
 + Level 1.9 Ranged Weapons
 + Level 1.9 Throwing
 + Level 1.9 Armour
 + Level 4.9 Dodging
 + Level 1.9 Stealth
 + Level 1.9 Shields
 + Level 1.9 Unarmed Combat
 + Level 5.3 Spellcasting
 + Level 5.6 Conjurations
 + Level 1.5 Hexes
 + Level 1.5 Summonings
 + Level 1.5 Necromancy
 + Level 1.5 Translocations
 + Level 1.5 Fire Magic
 + Level 1.5 Ice Magic
 + Level 1.5 Air Magic
 + Level 1.5 Earth Magic
 + Level 1.5 Alchemy
 + Level 2.1 Invocations
 + Level 1.9 Evocations
 + Level 1.7 Shapeshifting


You had 6 spell levels left.
You knew the following spells:

 Your Spells              Type           Power      Damage    Failure   Level
a - Kiss of Death         Conj/Necr      52%        2d9       4%          1
b - Momentum Strike       Conj/Tloc      26%        3d8       8%          2
c - Hailstorm             Conj/Ice       13%        3d6       14%         3
d - Stone Arrow           Conj/Erth      26%        3d8       14%         3

Your spell library contained the following spells:

 Spells                   Type           Power      Damage    Failure   Level
 Lehudib's Crystal Spear  Conj/Erth      6%         10d3      100%        8
 Animate Armour           Summ/Erth      Unusable   N/A       N/A         4

Dungeon Overview and Level Annotations

Branches:
Dungeon (4/15)
 Temple: D:4-7

Altars:
Fedhas
Okawaru


Innate Abilities, Weirdness & Mutations

You have very sharp teeth.
Your uncanny sense of smell can sniff out nearby items.
Your experience applies equally to all skills.


Message History

The gnoll freezes you. The gnoll misses you. The gnoll barely misses you.
You hit the gnoll.
The gnoll looks as sick as possible!
The gnoll is heavily wounded.
You kill the gnoll!
Okawaru accepts your kill.
The gnoll hits you with a +2 spear of freezing!
The gnoll freezes you.
The gnoll hits you from afar with a +0 halberd.
The gnoll misses you.
You hit the gnoll bouda but do no damage.
The gnoll bouda is poisoned.
The gnoll barely misses you.
The gnoll bouda hits you with a +0 whip!
The gnoll hits you from afar with a +0 halberd!
The gnoll closely misses you.
You hit the gnoll bouda but do no damage.
The gnoll bouda looks even sicker.
Your attacks no longer feel as feeble.
The gnoll barely misses you. The gnoll bouda closely misses you.
The gnoll closely misses you. The gnoll barely misses you.
You closely miss the gnoll bouda. The gnoll closely misses you.
The gnoll bouda barely misses you.
You hit the gnoll bouda.
The gnoll bouda looks as sick as possible!
Your bite misses the gnoll bouda.
The gnoll bouda is lightly wounded.
The gnoll hits you from afar with a +0 halberd!
* * * LOW HITPOINT WARNING * * *
The gnoll closely misses you.
The gnoll hits you with a +2 spear of freezing.
* * * LOW HITPOINT WARNING * * *
The gnoll freezes you.
* * * LOW HITPOINT WARNING * * *
Unknown command.
Okay, then.
As you read the scroll of teleportation, it crumbles to dust.
You feel strangely unstable.
The gnoll bouda hits you with a +0 whip!
* * * LOW HITPOINT WARNING * * *
The gnoll hits you from afar with a +0 halberd.
You die...

##.###
#..##
#..#
#..#
##.#
#..##
#<#
##..#
#.#
##..#
#.#
##..##
##.#
#...##
###.##
#.##.##
#@.##
#.#
##.##
#..ggg##
#.
##.###
#...g##
# ##...
#...#
#..#
....#
####
....#
.... ...
#


You could see a gnoll bouda (extremely poisoned) and 3 gnolls.

Vanquished Creatures
  A howler monkey (D:2)
  A hound (D:4)
  Jessica (D:2)
  2 adders
  A gnoll (D:4)
  A dart slug (D:1)
  A ribbon worm (D:3)
  An orc (D:4)
  11 endoplasms
  4 giant cockroaches
  6 goblins
  8 hobgoblins
  4 jackals (D:3)
  4 quokkas (D:3)
  3 ball pythons (D:1)
  7 bats
  2 frilled lizards (D:2)
  6 kobolds
  4 rats
68 creatures vanquished.

Notes
Turn   | Place    | Note
-------+----------+-------------------------------------------
     0 | D:1      | Aldia the Gnoll Reaver began the quest for the Orb.
     0 | D:1      | Reached XP level 1. HP: 20/20 MP: 6/6
   114 | D:1      | Reached XP level 2. HP: 24/26 MP: 7/7
   183 | D:1      | Reached skill level 5 in Spellcasting
   183 | D:1      | Reached XP level 3. HP: 31/31 MP: 7/9
   186 | D:1      | Learned a level 2 spell: Momentum Strike
   190 | D:1      | Learned a level 3 spell: Hailstorm
   446 | D:1      | Reached skill level 1 in Invocations
   759 | D:2      | Reached skill level 1 in Short Blades
   759 | D:2      | Reached skill level 1 in Long Blades
   759 | D:2      | Reached skill level 1 in Axes
   759 | D:2      | Reached skill level 1 in Polearms
   759 | D:2      | Reached skill level 1 in Staves
   759 | D:2      | Reached skill level 1 in Ranged Weapons
   759 | D:2      | Reached skill level 1 in Throwing
   759 | D:2      | Reached skill level 1 in Armour
   759 | D:2      | Reached skill level 1 in Stealth
   759 | D:2      | Reached skill level 1 in Shields
   759 | D:2      | Reached skill level 1 in Unarmed Combat
   759 | D:2      | Reached skill level 1 in Evocations
   804 | D:2      | Noticed Jessica
   817 | D:2      | Killed Jessica
   818 | D:2      | Reached skill level 1 in Shapeshifting
   818 | D:2      | Reached XP level 4. HP: 21/36 MP: 9/11
   841 | D:2      | Reached skill level 1 in Hexes
   841 | D:2      | Reached skill level 1 in Summonings
   841 | D:2      | Reached skill level 1 in Necromancy
   841 | D:2      | Reached skill level 1 in Translocations
   841 | D:2      | Reached skill level 1 in Fire Magic
   841 | D:2      | Reached skill level 1 in Ice Magic
   841 | D:2      | Reached skill level 1 in Air Magic
   841 | D:2      | Reached skill level 1 in Earth Magic
   841 | D:2      | Reached skill level 1 in Alchemy
  1245 | D:2      | Reached XP level 5. HP: 41/43 MP: 12/12
  1248 | D:3      | Found a faded altar of an unknown god.
  1344 | D:3      | Found an iron altar of Okawaru.
  1389 | D:3      | Found a blossoming altar of Fedhas.
  1455 | D:3      | Became a worshipper of Warmaster Okawaru
  2006 | D:3      | Identified the +2 leather armour of the Demon Prince {Str+3
                  | Dex-5}
  2053 | D:3      | Learned a level 3 spell: Stone Arrow
  2333 | D:4      | Reached XP level 6. HP: 47/50 MP: 13/13
  2428 | D:4      | HP: 2/50 [gnoll bouda/+0 whip (7)]
  2428 | D:4      | Slain by a gnoll

Illustrated notes

Levels and vault maps discovered:
D:1:      tarquinn_simple_flora_water_a, layout_basic,
          hangedman_abyss_or_decor_lesser_grid
D:2:      layout_rooms, uniq_jessica
D:3:      wad_woods_stonehenge, layout_basic, okawaru_trees_2,
          hellmonk_ecumenical_altar_pennies_from_heaven
D:4:      layout_layer_cave

Skill      XL: |  1  2  3  4  5 |
---------------+----------------+-----
Spellcasting   | 5 |  5.3
Invocations    | 1 2 |  2.1
Short Blades   | 1 |  1.9
Long Blades    | 1 |  1.9
Axes           | 1 |  1.9
Polearms       | 1 |  1.9
Staves         | 1 |  1.9
Ranged Weapons | 1 |  1.9
Throwing       | 1 |  1.9
Armour         | 1 |  1.9
Stealth        | 1 |  1.9
Shields        | 1 |  1.9
Unarmed Combat | 1 |  1.9
Evocations     | 1 |  1.9
Shapeshifting  | 1 |  1.7
Hexes          | 1 |  1.5
Summonings     | 1 |  1.5
Necromancy     | 1 |  1.5
Translocations | 1 |  1.5
Fire Magic     | 1 |  1.5
Ice Magic      | 1 |  1.5
Air Magic      | 1 |  1.5
Earth Magic    | 1 |  1.5
Alchemy        | 1 |  1.5
Fighting       | |  4.9
Maces & Flails | |  6.8
Dodging        | |  4.9
Conjurations   | |  5.6

Action                     |  1- 3 |  4- 6 || total
---------------------------+-------+-------++-------
  Melee: Mace              |    87 |   109 ||   196
         Bite              |    10 |    12 ||    22
         Dagger            |       |    40 ||    40
   Cast: Kiss of Death     |     1 |       ||     1
    Use: Scroll            |       |     6 ||     6
   Stab: Sleeping          |     1 |     3 ||     4
 Armour: Leather armour    |    49 |    66 ||   115
  Dodge: Dodged            |    64 |   114 ||   178

Table legend: (Time is in decaauts)
 A = Elapsed time spent in this place.
 B = Non-inter-level travel time spent in this place.
 C = Inter-level travel time spent in this place.
 D = Time resting spent in this place.
 E = Time spent auto-exploring this place.
 F = Levels seen in this place.
 G = Mean time per level.
                   A        B        C        D        E       F      G
               +--------+--------+--------+--------+--------+-----+--------+
         Total |   2450 |   2333 |    117 |      0 |   1714 |   4 |  612.5 |
       Dungeon |   2450 |   2333 |    117 |      0 |   1714 |   4 |  612.5 |
               +--------+--------+--------+--------+--------+-----+--------+

Top non-repeatable levels by time:
     D:3: 887 daAuts
     D:1: 732 daAuts
     D:2: 600 daAuts
     D:4: 230 daAuts
